 Dungeon Crawl Stone Soup version 0.30.0-29-ga12c61a403 (webtiles) character file.

Game seed: 14352418559640670165

43 Descartes the Grasshopper (level 3, -1/28 HPs)
             Began as a Barachi Warper on June 6, 2023.
             Killed from afar by an orc wizard (3 damage)
             ... with a magic dart
             ... on level 1 of the Dungeon.
             The game lasted 00:02:47 (1049 turns).

Descartes the Grasshopper (Barachi Warper)          Turns: 1049, Time: 00:02:48

Health: -1/28      AC:  6    Str: 14    XL:     3   Next: 58%
Magic:  6/6        EV: 12    Int: 13    God:
Gold:   106        SH:  0    Dex: 11    Spells: 6/6 levels left

rFire   . . .        a - +0 falchion
rCold   . . .        (no shield)
rNeg    . . .        h - +0 steam dragon scales
rPois   .            (no helmet)
rElec   .            g - +0 cloak
rCorr   .            (no gloves)
SInv    .            (no boots)
Will    .....        e - amulet of magic regeneration
Stlth   +            (no ring)
HPRegen 0.24/turn    (no ring)
MPRegen 0.50/turn

%: no passive effects
@: slow
A: amphibious, slowness 1, strong legs 1, +LOS
a: Hop


You were on level 1 of the Dungeon.
You visited 1 branch of the dungeon, and saw 3 of its levels.

You collected 106 gold pieces.

Inventory:

Hand Weapons
 a - a +0 falchion (weapon)
Missiles
 d - 7 boomerangs of dispersal (quivered)
 n - 3 atropa-tipped darts
 o - 2 poisoned darts
Armour
 b - a +0 leather armour
 g - a +0 cloak (worn)
 h - +0 steam dragon scales (worn)
Jewellery
 e - an amulet of magic regeneration (around neck)
Wands
 p - a wand of charming (13)
Scrolls
 c - a scroll of blinking
 f - 2 scrolls of identify {unknown}
 k - a scroll of enchant weapon {unknown}
Potions
 i - 2 potions of curing {unknown}
 j - 2 potions of lignification {unknown}
 l - a potion of berserk rage {unknown}
 m - a potion of magic {unknown}


   Skills:
 + Level 2.8 Fighting
 + Level 3.0 Long Blades
 - Level 1.0 Throwing
 + Level 1.6 Armour
 + Level 2.5 Dodging
 + Level 2.4 Spellcasting
 + Level 3.4 Translocations
 + Level 0.6 Invocations
 + Level 0.8 Evocations


You had 6 spell levels left.
You didn't know any spells.
Your spell library contained the following spells:

 Spells                   Type           Power      Damage    Failure   Level
 Blink                    Tloc           20%        N/A       9%          2
 Lesser Beckoning         Tloc           20%        N/A       9%          2
 Teleport Other           Tloc           10%        N/A       17%         3
 Vhi's Electric Charge    Tloc/Air       12%        N/A       34%         3
 Cigotuvi's Dreadful Rot  Necr/Pois/Air  2%         N/A       36%         2
 Manifold Assault         Tloc           10%        N/A       50%         4
 Ignite Poison            Fire/Tmut/Pois 1%         N/A       58%         3
 Freezing Cloud           Conj/Ice/Air   0%         6-21      100%        5


Dungeon Overview and Level Annotations

Branches:
Dungeon (3/15)

Altars:


Innate Abilities, Weirdness & Mutations

You are amphibious.
You cover ground slowly.
You can hop short distances.
You have an extended range of vision and can be seen from far away.


Message History

The orc priest calls down the wrath of Beogh upon you.
Beogh smites you!
Ouch! That really hurt!
You climb upwards.
There is a stone staircase leading down here.
The orc wizard casts a spell at you. The puff of flame hits you.
The orc wizard points at you and mumbles some strange words.
You resist with significant effort.
The orc wizard hits you but does no damage.
The orc wizard hits you but does no damage.
You miss the orc wizard.
You feel less confused.
The orc wizard hits you but does no damage.
You miss the orc wizard. The orc wizard casts a spell at you.
You resist with significant effort.
You closely miss the orc wizard. The orc wizard barely misses you.
The orc wizard casts a spell at you. The magic dart hits you!
* * * LOW HITPOINT WARNING * * *
You hit the orc wizard.
The orc wizard is moderately wounded.
The orc wizard hits you but does no damage.
You barely miss the orc wizard.
The orc wizard is moderately wounded.
The orc wizard hits you but does no damage.
You barely miss the orc wizard.
The orc wizard is moderately wounded.
The orc wizard misses you.
You hit the orc wizard but do no damage.
The orc wizard is moderately wounded.
The orc wizard hits you with a +0 dagger.
* * * LOW HITPOINT WARNING * * *
Unknown command.
You closely miss the orc wizard.
The orc wizard is moderately wounded.
The orc wizard points at you and mumbles some strange words.
The magic dart hits you.
You die...

#.#.....###......#
#.#.....'.########
#.#.....##........
#.......##########
#######...........
#######.............
#.......)...........
#.o......##.........
#..@.......>........
##################..
##. ##


You could see an orc wizard.

Vanquished Creatures
  An orc (D:3)
  7 ball pythons
  2 endoplasms
  3 giant cockroaches (D:1)
  5 goblins
  4 hobgoblins
  4 kobolds
  2 quokkas (D:1)
  3 bats (D:1)
  6 frilled lizards
  A rat (D:2)
38 creatures vanquished.

Notes
Turn   | Place    | Note
-------+----------+-------------------------------------------
     0 | D:1      | Descartes the Barachi Warper began the quest for the Orb.
     0 | D:1      | Reached XP level 1. HP: 17/17 MP: 3/3
    66 | D:1      | Reached XP level 2. HP: 22/23 MP: 5/5
   443 | D:1      | Reached XP level 3. HP: 22/28 MP: 6/6
   685 | D:2      | You fall into a shaft and drop 1 floor!
  1044 | D:1      | HP: 1/28 [orc wizard/magic dart (11)]
  1049 | D:1      | Killed from afar by an orc wizard

Illustrated notes

Levels and vault maps discovered:
D:1:      dpeg_arrival_solitude, layout_rooms
D:2:      layout_rooms, serial_shops, nicolae_lakefront_shop,
          uniq_crazy_yiuf_cottage
D:3:      layout_loops_ring

Skill      XL: |  1  2  3 |
---------------+----------+-----
Long Blades    | 3 |  3.0
Fighting       | |  2.8
Throwing       | |  1.0
Armour         | |  1.6
Dodging        | |  2.5
Spellcasting   | |  2.4
Translocations | |  3.4
Invocations    | |  0.6
Evocations     | |  0.8

Action                     || total
---------------------------++-------
  Melee: Falchion          ||   126
         Punch             ||     3
   Stab: Sleeping          ||     1
 Armour: Leather armour    ||    21
         Steam dragon scal ||    31
  Dodge: Dodged            ||    94
